3AAA
MILTON DOGFISH HEAD @ PENNSAUKEN FLYERS
05/11/2042
 
TOP OF THE 1ST
Milton Dogfish Head batting - Pitching for Pennsauken Flyers : RHP Maks Rajnev
Pitching: RHP Maks Rajnev
Batting: RHB Anthony Hollis 0-0: Ball
1-0: Called Strike
1-1: Called Strike
1-2: Fly out, F7 (Flyball, 7S, EV 78.8 MPH)
Batting: RHB Cédric Causse 0-0: Ball
1-0: Ball
2-0: Ball
3-0: Called Strike
3-1: Called Strike
3-2: Strikes out swinging
Batting: RHB Colton Pennington 0-0: Ball
1-0: Ball
2-0: Called Strike
2-1: Ball
3-1: Base on Balls
Batting: RHB Bobby Norris 0-0: Foul Ball, location: 2F
0-1: Swinging Strike
0-2: Foul Ball, location: 2F
0-2: Ball
1-2: Strikes out swinging
Top of the 1st over - 0 runs, 0 hits, 0 errors, 1 left on base; Milton 0 - Pennsauken 0
BOTTOM OF THE 1ST
Pennsauken Flyers batting - Pitching for Milton Dogfish Head : RHP António Morales
Pitching: RHP António Morales
Batting: LHB Robby Caldwell 0-0: Foul Ball, location: 2F
0-1: Called Strike
0-2: Ball
1-2: Ball
2-2: Ball
3-2: Foul Ball, location: 2F
3-2: Foul Ball, location: 2F
3-2: Base on Balls
Batting: RHB Manuel Vallejo 0-0: Called Strike
0-1: Foul Ball, location: 2F
0-2: Ball
1-2: Ball
2-2: Strikes out swinging
Batting: LHB Rafael Barrueco 0-0: Ball
Robby Caldwell steals 2nd base
1-0: Called Strike
1-1: Called Strike
1-2: Ground out 4-3 (Groundball, 4M, EV 100.0 MPH)
Robby Caldwell to third
Batting: RHB Bras Castanheta 0-0: Ball
1-0: Foul Ball, location: 2F
1-1: Ball
2-1: Swinging Strike
2-2: Single, Error in OF, E8, batter to second base (Groundball, 4MD, EV 105.0 MPH)
Robby Caldwell scores
Batting: RHB Dana O'Quinlevan 0-0: Ball
1-0: Called Strike
1-1: DOUBLE (Line Drive, 7LM, EV 103.1 MPH)
Bras Castanheta scores
Batting: SHB Ben Boston 0-0: Called Strike
0-1: Ball
1-1: Ball
2-1: Ground out U3 (Groundball, 34, EV 102.5 MPH)
Bottom of the 1st over - 2 runs, 2 hits, 1 error, 1 left on base; Milton 0 - Pennsauken 2
TOP OF THE 2ND
Milton Dogfish Head batting - Pitching for Pennsauken Flyers : RHP Maks Rajnev
Batting: RHB Arnie Taylor 0-0: Called Strike
0-1: Foul Ball, location: 2F
0-2: Ball
1-2: Strikes out swinging
Batting: RHB Tyler Marés 0-0: Swinging Strike
0-1: Foul Ball, location: 2F
0-2: Ball
1-2: Foul Ball, location: 2F
1-2: Strikes out swinging, 2-3 out at first.
Batting: RHB Hyeon-cheong Kim 0-0: Called Strike
0-1: Swinging Strike
0-2: Ball
1-2: Strikes out swinging
Top of the 2nd over - 0 runs, 0 hits, 0 errors, 0 left on base; Milton 0 - Pennsauken 2
BOTTOM OF THE 2ND
Pennsauken Flyers batting - Pitching for Milton Dogfish Head : RHP António Morales
Batting: LHB Masamune Ueda 0-0: Ball
1-0: Called Strike
1-1: Foul Ball, location: 2F
1-2: Ball
2-2: Foul Ball, location: 2F
2-2: Ball
3-2: Base on Balls
Batting: RHB Adam Wiltern 0-0: SINGLE (Line Drive, 6M, EV 98.1 MPH)
Masamune Ueda to second
Batting: LHB Robert Dawson 0-0: Swinging Strike
0-1: Ball
1-1: Foul Ball, location: 2F
1-2: SINGLE (Groundball, 5D, EV 104.4 MPH)
Masamune Ueda to third
Adam Wiltern to second
Batting: LHB Robby Caldwell 0-0: Ball
1-0: Fielders Choice at 2nd, 6-4 (Groundball, 6, EV 86.2 MPH)
Masamune Ueda scores
Adam Wiltern to third
Batting: RHB Manuel Vallejo 0-0: Ball
1-0: Foul Ball, location: 2F
1-1: Ball
2-1: Foul Ball, location: 2F
2-2: Foul Ball, location: 2F
2-2: Ball
3-2: Foul Ball, location: 2F
3-2: SINGLE (Groundball, 56D, EV 108.8 MPH)
Adam Wiltern scores
Robby Caldwell to second
Batting: LHB Rafael Barrueco 0-0: Called Strike
0-1: Swinging Strike
0-2: Ball
1-2: Ball
2-2: Foul Ball, location: 2F
2-2: Ball
3-2: Fielders Choice at 2nd, 5-4 (Groundball, 5, EV 86.2 MPH)
Robby Caldwell to third
Batting: RHB Bras Castanheta 0-0: Foul Ball, location: 2F
0-1: Ball
1-1: Foul Ball, location: 2F
1-2: Foul Ball, location: 2F
1-2: Ball
2-2: Strikes out swinging
Bottom of the 2nd over - 2 runs, 3 hits, 0 errors, 2 left on base; Milton 0 - Pennsauken 4
TOP OF THE 3RD
Milton Dogfish Head batting - Pitching for Pennsauken Flyers : RHP Maks Rajnev
Batting: LHB John Mayer 0-0: Ball
1-0: Ball
2-0: Foul Ball, location: 2F
2-1: Ball
3-1: Swinging Strike
3-2: Fly out, F5 (Popup, 5F, EV 72.5 MPH)
Batting: RHB Tae-wan Park 0-0: Ball
1-0: Called Strike
1-1: Ball
2-1: Swinging Strike
2-2: Strikes out swinging
Batting: RHB Anthony Hollis 0-0: Called Strike
0-1: Ball
1-1: Swinging Strike
1-2: Ball
2-2: Fly out, F2 (Popup, 2R, EV 97.5 MPH)
Top of the 3rd over - 0 runs, 0 hits, 0 errors, 0 left on base; Milton 0 - Pennsauken 4
BOTTOM OF THE 3RD
Pennsauken Flyers batting - Pitching for Milton Dogfish Head : RHP António Morales
Batting: RHB Dana O'Quinlevan 0-0: Ball
1-0: Swinging Strike
1-1: Ball
2-1: Swinging Strike
2-2: Ball
3-2: Foul Ball, location: 2F
3-2: Foul Ball, location: 2F
3-2: Strikes out swinging
Batting: SHB Ben Boston 0-0: Called Strike
0-1: Foul Ball, location: 2F
0-2: Foul Ball, location: 2F
0-2: Ball
1-2: Fly out, F4 (Line Drive, 4, EV 62.5 MPH)
Batting: LHB Masamune Ueda 0-0: Called Strike
0-1: Foul Ball, location: 2F
0-2: Ball
1-2: Ground out 6-3 (Groundball, 6, EV 80.6 MPH)
Bottom of the 3rd over - 0 runs, 0 hits, 0 errors, 0 left on base; Milton 0 - Pennsauken 4
TOP OF THE 4TH
Milton Dogfish Head batting - Pitching for Pennsauken Flyers : RHP Maks Rajnev
Batting: RHB Cédric Causse 0-0: Called Strike
0-1: SINGLE (Line Drive, 7S, EV 88.8 MPH)
Batting: RHB Colton Pennington 0-0: Called Strike
0-1: Grounds into double play, 6-4-3 (Groundball, 6, EV 82.5 MPH)
Batting: RHB Bobby Norris 0-0: Ball
1-0: Ball
2-0: Ball
3-0: Base on Balls
Batting: RHB Arnie Taylor 0-0: Called Strike
0-1: Swinging Strike
0-2: Ball
1-2: Ball
2-2: Strikes out swinging
Top of the 4th over - 0 runs, 1 hit, 0 errors, 1 left on base; Milton 0 - Pennsauken 4
BOTTOM OF THE 4TH
Pennsauken Flyers batting - Pitching for Milton Dogfish Head : RHP António Morales
Batting: RHB Adam Wiltern 0-0: SINGLE (Line Drive, 9S, EV 101.2 MPH)
Batting: LHB Robert Dawson 0-0: Ball
1-0: Called Strike
1-1: Ball
Wild Pitch!
Adam Wiltern to second
2-1: Swinging Strike
2-2: Strikes out looking
Batting: LHB Robby Caldwell 0-0: Ball
1-0: Ball
2-0: SINGLE (Groundball, 3D, EV 95.6 MPH)
Adam Wiltern to third
Runner from 3rd tries for Home, SAFE, throw by RF to home
Pitching: LHP Poto Boldrini
Batting: RHB Manuel Vallejo 0-0: Called Strike
0-1: Foul Ball, location: 2F
0-2: Strikes out swinging
Robby Caldwell steals 2nd base
Batter strikes out.
Batting: LHB Rafael Barrueco 0-0: Called Strike
0-1: Called Strike
0-2: Ball
1-2: Strikes out looking
Bottom of the 4th over - 1 run, 2 hits, 0 errors, 1 left on base; Milton 0 - Pennsauken 5
TOP OF THE 5TH
Milton Dogfish Head batting - Pitching for Pennsauken Flyers : RHP Maks Rajnev
Batting: RHB Tyler Marés 0-0: Ball
1-0: Called Strike
1-1: Ball
2-1: Ball
3-1: Called Strike
3-2: Foul Ball, location: 2F
3-2: SINGLE (Groundball, 34D, EV 99.4 MPH)
Batting: RHB Hyeon-cheong Kim 0-0: Ball
1-0: Ball
2-0: Ball
3-0: Called Strike
3-1: Foul Ball, location: 2F
3-2: Foul Ball, location: 2F
3-2: Base on Balls
Tyler Marés to second
Batting: LHB John Mayer 0-0: Foul Ball, location: 2F
0-1: Foul Ball, location: 2F
0-2: Ball
1-2: Ball
2-2: Ball
3-2: Foul Ball, location: 2F
3-2: Base on Balls
Tyler Marés to third
Hyeon-cheong Kim to second
Batting: RHB Tae-wan Park 0-0: Swinging Strike
0-1: Swinging Strike
0-2: Strikes out swinging
Batting: RHB Anthony Hollis 0-0: Foul Ball, location: 2F
0-1: Ball
1-1: Fly out, F7 (Flyball, 7, EV 85.6 MPH)
Runner from 3rd tags up, SCORES, throw by LF
Batting: RHB Cédric Causse 0-0: Ball
1-0: Ball
2-0: Ball
3-0: Base on Balls
Hyeon-cheong Kim to third
John Mayer to second
Batting: RHB Colton Pennington 0-0: Ball
1-0: Ball
2-0: Ball
3-0: Called Strike
3-1: Base on Balls
Hyeon-cheong Kim scores
John Mayer to third
Cédric Causse to second
Batting: RHB Bobby Norris 0-0: Called Strike
0-1: Ball
1-1: Foul Ball, location: 2F
1-2: Ball
2-2: Fielders Choice at 2nd, 6-4 (Groundball, 6, EV 101.2 MPH)
Top of the 5th over - 2 runs, 1 hit, 0 errors, 3 left on base; Milton 2 - Pennsauken 5
BOTTOM OF THE 5TH
Pennsauken Flyers batting - Pitching for Milton Dogfish Head : LHP Poto Boldrini
Batting: RHB Bras Castanheta 0-0: Swinging Strike
0-1: Ball
1-1: Ball
2-1: Called Strike
2-2: Ball
3-2: Strikes out looking
Batting: RHB Dana O'Quinlevan 0-0: Called Strike
0-1: Called Strike
0-2: Foul Ball, location: 2F
0-2: Ball
1-2: Foul Ball, location: 2F
1-2: Foul Ball, location: 2F
1-2: Ball
2-2: Foul Ball, location: 2F
2-2: SINGLE (Line Drive, 6D, EV 98.1 MPH)
Batting: SHB Ben Boston 0-0: Called Strike
0-1: Ball
1-1: Ball
2-1: Ball
3-1: Base on Balls
Dana O'Quinlevan to second
Batting: LHB Masamune Ueda 0-0: Swinging Strike
0-1: Ball
1-1: Ball
2-1: Swinging Strike
2-2: Ball
3-2: Strikes out swinging
Batting: RHB Adam Wiltern 0-0: Swinging Strike
0-1: Fielders Choice at 2nd, 6-4 (Groundball, 56, EV 108.1 MPH)
Bottom of the 5th over - 0 runs, 1 hit, 0 errors, 2 left on base; Milton 2 - Pennsauken 5
TOP OF THE 6TH
Milton Dogfish Head batting - Pitching for Pennsauken Flyers : RHP Maks Rajnev
Batting: RHB Arnie Taylor 0-0: Called Strike
0-1: Ball
1-1: Foul Ball, location: 2F
1-2: Ball
2-2: Ball
3-2: Ground out 6-3 (Groundball, 6, EV 91.2 MPH)
Pitching: LHP Bradley Leeder
Batting: RHB Tyler Marés 0-0: Called Strike
0-1: TRIPLE (Line Drive, 9D, EV 102.5 MPH)
Batting: RHB Hyeon-cheong Kim 0-0: Ball
1-0: Foul Ball, location: 2F
1-1: Ball
2-1: Called Strike
2-2: Foul Ball, location: 2F
2-2: Foul Ball, location: 2F
2-2: Foul Ball, location: 2F
2-2: Ball
3-2: Reached on error, E5 (Groundball, 56S, EV 83.1 MPH)
Tyler Marés scores
Batting: LHB John Mayer 0-0: Called Strike
0-1: Foul Ball, location: 2F
0-2: Strikes out looking
Batting: RHB Tae-wan Park 0-0: Foul Ball, location: 2F
0-1: 2-RUN HOME RUN (Line Drive, 7D, EV 105.0 MPH), Distance : 376 ft
Pitching: RHP Pacho Hernández
Batting: RHB Anthony Hollis 0-0: Called Strike
0-1: Foul Ball, location: 2F
0-2: Ball
1-2: Ball
2-2: Fly out, F7 (Flyball, 7, EV 73.1 MPH)
Top of the 6th over - 3 runs, 2 hits, 1 error, 0 left on base; Milton 5 - Pennsauken 5
BOTTOM OF THE 6TH
Pennsauken Flyers batting - Pitching for Milton Dogfish Head : LHP Poto Boldrini
Batting: LHB Robert Dawson 0-0: Called Strike
0-1: Ball
1-1: Foul Ball, location: 2F
1-2: Strikes out swinging
Batting: LHB Robby Caldwell 0-0: Foul Ball, location: 2F
0-1: Ball
1-1: Ground out 5-3 (Groundball, 5L, EV 76.9 MPH)
Batting: RHB Manuel Vallejo 0-0: Ball
1-0: Ball
2-0: Foul Ball, location: 2F
2-1: Ball
3-1: Base on Balls
Batting: LHB Rafael Barrueco 0-0: Swinging Strike
0-1: Ball
1-1: Fly out, F7 (Flyball, 78M, EV 74.4 MPH)
Bottom of the 6th over - 0 runs, 0 hits, 0 errors, 1 left on base; Milton 5 - Pennsauken 5
TOP OF THE 7TH
Milton Dogfish Head batting - Pitching for Pennsauken Flyers : RHP Pacho Hernández
Batting: RHB Cédric Causse 0-0: Ball
1-0: SINGLE (Line Drive, 7S, EV 108.8 MPH)
Batting: RHB Colton Pennington 0-0: Called Strike
0-1: Grounds into double play, 5-4-3 (Groundball, 5L, EV 91.2 MPH)
Batting: RHB Bobby Norris 0-0: Ball
1-0: Ball
2-0: Fly out, F8 (Flyball, 89M, EV 86.9 MPH)
Top of the 7th over - 0 runs, 1 hit, 0 errors, 0 left on base; Milton 5 - Pennsauken 5
BOTTOM OF THE 7TH
Pennsauken Flyers batting - Pitching for Milton Dogfish Head : LHP Poto Boldrini
Batting: RHB Bras Castanheta 0-0: Ball
1-0: Fly out, F8 (Flyball, 89D, EV 90.0 MPH)
Batting: RHB Dana O'Quinlevan 0-0: DOUBLE (Line Drive, 9LS, EV 97.5 MPH)
Batting: SHB Ben Boston 0-0: Intentional Walk
Batting: LHB Masamune Ueda 0-0: Ball
1-0: Swinging Strike
1-1: Ball
2-1: Ball
3-1: Swinging Strike
3-2: Base on Balls
Dana O'Quinlevan to third
Ben Boston to second
Pitching: RHP Vadim Rajnev
Batting: RHB Adam Wiltern 0-0: Foul Ball, location: 2F
0-1: Ball
1-1: Ball
2-1: Ball
3-1: Called Strike
3-2: Foul Ball, location: 2F
3-2: Base on Balls
Dana O'Quinlevan scores
Ben Boston to third
Masamune Ueda to second
Batting: LHB Robert Dawson 0-0: Called Strike
0-1: Foul Ball, location: 2F
0-2: Ball
1-2: Grounds into fielders choice 1-2 (Groundball, 13, EV 76.9 MPH)
Masamune Ueda to third
Adam Wiltern to second
Batting: LHB Robby Caldwell 0-0: Swinging Strike
0-1: Ball
1-1: Fly out, F3 (Line Drive, 3, EV 69.4 MPH)
Bottom of the 7th over - 1 run, 1 hit, 0 errors, 3 left on base; Milton 5 - Pennsauken 6
TOP OF THE 8TH
Milton Dogfish Head batting - Pitching for Pennsauken Flyers : RHP Pacho Hernández
Batting: RHB Arnie Taylor 0-0: Ball
1-0: Foul Ball, location: 2F
1-1: Swinging Strike
1-2: Strikes out swinging
Batting: RHB Tyler Marés 0-0: Called Strike
0-1: Called Strike
0-2: Ball
1-2: Ball
2-2: Ball
3-2: Base on Balls
Pitching: RHP Kunimatsu Taue
Batting: RHB Hyeon-cheong Kim 0-0: Ball
1-0: Sac Bunt to 2R - play at second, runner OUT! 2-6
Batting: LHB John Mayer 0-0: Called Strike
0-1: Ball
1-1: Ball
2-1: Foul Ball, location: 2F
2-2: Foul Ball, location: 2F
2-2: Foul Ball, location: 2F
2-2: Ball
3-2: Fly out, F8 (Flyball, 8RM, EV 75.6 MPH)
Top of the 8th over - 0 runs, 0 hits, 0 errors, 1 left on base; Milton 5 - Pennsauken 6
BOTTOM OF THE 8TH
Pennsauken Flyers batting - Pitching for Milton Dogfish Head : RHP Vadim Rajnev
Batting: RHB Manuel Vallejo 0-0: Ball
1-0: Fly out, F9 (Flyball, 9, EV 85.6 MPH)
Batting: LHB Rafael Barrueco 0-0: Called Strike
0-1: Ball
1-1: Called Strike
1-2: Ball
2-2: DOUBLE (Line Drive, 5D, EV 107.5 MPH)
Batting: RHB Bras Castanheta 0-0: Called Strike
0-1: Ball
1-1: Ground out 6-3 (Groundball, 6, EV 90.0 MPH)
Rafael Barrueco to third
Batting: RHB Dana O'Quinlevan 0-0: Ball
1-0: Ball
2-0: Ball
3-0: Called Strike
3-1: Base on Balls
Batting: SHB Ben Boston 0-0: Called Strike
0-1: Foul Ball, location: 2F
0-2: Ball
1-2: Foul Ball, location: 2F
1-2: Ball
2-2: Foul Ball, location: 2F
2-2: Ball
3-2: Base on Balls
Dana O'Quinlevan to second
Batting: LHB Masamune Ueda 0-0: Fly out, F2 (Popup, 25F, EV 84.4 MPH)
Bottom of the 8th over - 0 runs, 1 hit, 0 errors, 3 left on base; Milton 5 - Pennsauken 6
TOP OF THE 9TH
Milton Dogfish Head batting - Pitching for Pennsauken Flyers : RHP Kunimatsu Taue
Pitching: LHP Jeffery Clayton
Now at 1B: Juan Vázquez
Now at 2B: Mikk Tamm
Now in RF: Sasha Orlovsky
Batting: RHB Tae-wan Park 0-0: Swinging Strike
0-1: Foul Ball, location: 2F
0-2: Ball
1-2: Ball
2-2: Foul Ball, location: 2F
2-2: Ball
3-2: Fly out, F7 (Flyball, 7, EV 85.0 MPH)
Batting: RHB Anthony Hollis 0-0: Called Strike
0-1: Foul Ball, location: 2F
0-2: Ball
1-2: Ball
2-2: Strikes out swinging
Batting: RHB Cédric Causse 0-0: Ground out 6-3 (Groundball, 56, EV 93.8 MPH)
Top of the 9th over - 0 runs, 0 hits, 0 errors, 0 left on base; Milton 5 - Pennsauken 6
Friday, March 26th, 2021 - OOTP Baseball 20.8 Build 74